Map: Central Protocol

Players

Botvinnik

  • Race: Terran Terran

MightyKiwi - Winner!

  • Race: Zerg Zerg
  • League: Grandmaster

Event: NationWars III

VOD

Have the link to the VOD?

Description

Time

  • Played on: Nov. 22, 2015, 2:08 p.m.
  • Length: 17:40
Show
View Real Time Build Order
Export as new Build Order

Botvinnik Terran 

Build Orders: Reaper Expand, MMM Bio, Banshee Rush 

Get SALT Encoding   

  12  0:01  SCV  
  13  0:13  SCV  
  14  0:17  Supply Depot  
  14  0:25  SCV  
  15  0:39  SCV  
  15  0:40  Barracks  
  16  0:45  Refinery  
  16  0:51  SCV  
  17  1:04  SCV  
  18  1:16  SCV  
  19  1:28  Reaper, Orbital Command  
  20  1:42  Command Center  
  20  1:55  SCV  
  20  1:57  Supply Depot  
  20  2:00  Marine  
  22  2:08  SCV  
  23  2:09  Refinery  
  23  2:20  SCV  
  23  2:21  Factory  
  24  2:25  Barracks Reactor  
  24  2:32  SCV  
  26  2:44  SCV  
  26  2:54  Orbital Command  
  26  2:56  SCV  
  27  3:08  SCV, Starport  
  27  3:11  Hellion x2  
  27  3:12  Barracks Tech Lab  
  32  3:19  SCV  
  33  3:20  SCV  
  33  3:26  Supply Depot  
  34  3:31  SCV  
  34  3:32  SCV  
  40  3:34  Hellion x2  
  40  3:44  SCV x2  
  42  3:51  Cloaking Field  
  42  3:52  Banshee, Supply Depot  
  45  3:56  SCV x2  
  45  4:00  Barracks Tech Lab  
  47  4:08  SCV  
  47  4:09  SCV  
  49  4:11  Command Center  
  49  4:17  Supply Depot  
  49  4:20  Stimpack  
  49  4:22  SCV x2  
  51  4:31  Barracks  
  51  4:33  Barracks  
  51  4:36  Banshee, Factory Reactor  
  53  4:38  Marine  
  53  4:41  SCV x2  
  56  4:52  Engineering Bay  
  56  4:53  SCV x2  
  56  4:54  Engineering Bay  
  56  4:56  Marine  
  59  5:03  Supply Depot  
  59  5:05  SCV x2  
  61  5:12  Refinery  
  61  5:13  Refinery  
  61  5:17  Marauder  
  61  5:18  SCV  
  61  5:20  Terran Infantry Weapons Level 1, Terran Infantry Armor Level 1  
  64  5:24  Marine x2  
  64  5:27  Orbital Command  
  64  5:28  SCV  
  67  5:31  Marine x2  
  67  5:32  Starport Reactor  
  69  5:35  Siege Tank  
  69  5:38  SCV  
  69  5:40  SCV  
  74  5:46  Marine  
  74  5:47  Marine  
  74  5:48  Marauder  
  78  5:50  Supply Depot, SCV  
  78  5:51  Supply Depot  
  78  5:52  SCV  
  78  5:54  Marine x2  
  82  5:58  Orbital Command  
  82  6:02  SCV  
  84  6:04  SCV  
  84  6:09  Marine x2  
  84  6:10  Siege Tank, Medivac  
  91  6:14  SCV  
  91  6:16  SCV  
  93  6:24  Combat Shields, Marauder  
  93  6:25  Marine x2  
  94  6:26  SCV  
  94  6:27  SCV, Marine x2  
  94  6:28  SCV  
  99  6:38  Barracks  
  99  6:39  Barracks  
  99  6:41  Armory  
  99  6:42  Medivac  
  99  6:44  SCV x2  
  99  6:45  SCV  
  104  6:53  Marine x3, Marauder  
  109  6:58  Refinery  
  109  6:59  Supply Depot  
  109  7:01  Supply Depot  
  109  7:03  Supply Depot  
  109  7:20  SCV x2, Medivac, Marine x2  
  109  7:21  Supply Depot, Marauder  
  109  7:22  Missile Turret  
  117  7:23  SCV, Marine x2  
  117  7:28  Barracks Reactor x2  
  120  7:32  Siege Tank  
  120  7:34  Terran Infantry Weapons Level 2  
  123  7:37  Terran Infantry Armor Level 2  
  123  7:38  Marine x2  
  123  7:39  SCV x2  
  123  7:40  SCV, Marine x2  
  123  7:41  Marine  
  131  7:48  Medivac  
  133  7:54  Medivac  
  133  7:55  Barracks  
  133  7:56  Barracks x2, Marine x2  
  137  7:58  Marine x2  
  137  7:59  Bunker, Marine  
  140  8:09  Marine  
  141  8:17  Supply Depot  
  141  8:18  Supply Depot x2  
  141  8:19  Marine x6  
  149  8:20  Marauder  
  149  8:35  Factory Reactor  
  149  8:38  Marine x4  
  149  8:39  Marine x3, Medivac x2  
  149  8:41  Supply Depot, Marauder  
  162  8:42  Marine  
  162  8:44  Barracks Tech Lab x2  
  162  8:46  Barracks Tech Lab  
  160  8:56  Marine x4  
  160  8:57  Marine  
  167  9:03  Marine, Marauder  
  167  9:04  Marauder, Marine x3  
  167  9:06  Marauder  
  167  9:08  Medivac x2  
  179  9:14  Marine x2  
  172  9:18  Marine  
  172  9:19  Marine  
  172  9:23  Marine x3, Marauder  
  155  9:24  Marauder  
  155  9:25  Marauder  
  155  9:28  Widow Mine, Marauder  
  153  9:31  Marine  
  153  9:35  Marine  
  148  9:38  Medivac  
  148  9:39  Widow Mine  
  148  9:44  Marauder  
  144  9:45  Marauder  
  144  9:46  Marine x2  
  144  9:47  Marauder  
  144  9:48  Marine  
  144  9:49  Marauder  
  133  9:53  Marine  
  133  9:54  Marine  
  133  9:57  Widow Mine  
  129  10:06  Marine x3, Marauder  
  129  10:07  SCV x2, Marauder, Marine  
  127  10:08  Marauder  
  127  10:11  Marauder  
  127  10:12  SCV  
  132  10:17  Marine  
  132  10:18  Marine  
  132  10:19  SCV  
  135  10:25  Widow Mine x2  
  135  10:28  Terran Infantry Weapons Level 3, Marauder  
  141  10:42  Marine x2  
  143  10:43  Marauder, Marine x3  
  143  10:47  Command Center  
  148  10:50  Marauder x2  
  148  10:51  Barracks Reactor, Marine x3  
  155  11:03  Marine x3  
  160  11:04  Marauder  
  160  11:06  Widow Mine x2  
  164  11:21  Marine, Marauder  
  165  11:27  Marine x2  
  165  11:33  Supply Depot  
  165  11:34  Supply Depot, Medivac, Marine x4  
  165  11:35  Marauder  
  173  11:45  Marine x2  
  173  11:46  Marine x2  
  173  11:47  Marine x2  
  173  11:48  Medivac  
  173  11:50  Marauder  
  173  11:51  Marauder  
  173  11:52  Marine  
  173  11:54  Marine x3  
  173  11:56  Supply Depot, Marauder  
  178  12:03  Marine x2  
  178  12:05  Marine x4  
  178  12:06  Widow Mine x2  
  188  12:10  Marine  
  188  12:11  Marauder  
  188  12:12  Marine  
  192  12:18  Marauder, Marine x3  
  192  12:19  Terran Infantry Armor Level 3  
  192  12:21  Marine x2  
  199  12:22  Marine  
  200  12:42  Terran Vehicle And Ship Armor Level 1  
  197  12:48  Marauder, Marine x2  
  197  12:49  Marine x4, Marauder x2  
  197  12:50  Marine x2  
  176  12:52  Marine x2  
  176  12:58  Planetary Fortress  
  173  13:06  Medivac x2  
  173  13:09  Marauder  
  173  13:11  Marauder, Marine x2  
  141  13:27  Marine x2, Marauder  
  141  13:28  Marine x5  
  141  13:29  Marine x2  
  141  13:31  Marauder  
  151  13:40  Marauder  
  153  13:48  Command Center  
  153  13:59  Marine x2  
  153  14:00  Marauder  
  156  14:07  Marauder, Marine x5  
  156  14:08  Marauder  
  165  14:11  Marine x3  
  168  14:19  Cyclone  
  163  14:40  Marauder  
  163  14:41  Marauder x2  
  169  14:51  Cyclone  
  156  14:54  Marine x2  
  156  14:59  Marine  
  148  15:00  Marine  
  148  15:02  Marauder x2  
  148  15:05  Marine  
  148  15:22  Marauder  
  148  15:23  Marauder  
  150  15:40  Cyclone  
  150  15:44  Planetary Fortress  
  133  16:06  Orbital Command  
  133  16:07  Orbital Command x2  
  133  16:09  Marauder x3  
  139  16:15  Cyclone  
  142  16:32  Marauder  
  142  16:43  Marauder x2, Marine  
  142  16:44  Marine x7  
  153  16:54  Cyclone  
  145  17:15  Marauder x2  
Show
View Real Time Build Order
Export as new Build Order

MightyKiwi Zerg - Winner!

Build Orders: Hatch First 

Get SALT Encoding   

  12  0:01  Drone  
  13  0:10  Drone  
  14  0:17  Overlord  
  14  0:28  Extractor  
  14  0:29  Extractor  
  14  0:30  Drone x2  
  16  0:38  Drone  
  17  0:55  Hatchery  
  16  1:01  Drone  
  17  1:04  Extractor  
  17  1:05  Drone  
  17  1:08  Drone  
  18  1:19  Spawning Pool  
  18  1:22  Drone  
  18  1:31  Drone  
  19  1:43  Overlord  
  19  1:50  Drone  
  20  2:04  Drone  
  20  2:06  Queen x2  
  20  2:07  Metabolic Boost  
  25  2:09  Zergling x2  
  25  2:11  Zergling x2  
  27  2:23  Drone  
  27  2:25  Drone  
  29  2:34  Drone x2  
  30  2:45  Queen  
  30  2:50  Drone x2  
  30  2:51  Drone  
  34  2:54  Zergling x2  
  35  3:02  Overlord  
  35  3:07  Hatchery  
  34  3:16  Overlord  
  34  3:21  Drone x7  
  41  3:34  Overlord  
  41  3:35  Roach Warren  
  41  3:39  Drone x2  
  42  3:47  Overlord  
  42  3:48  Extractor  
  41  3:49  Queen  
  41  3:54  Zergling x6  
  46  4:03  Drone x5  
  51  4:15  Lair  
  51  4:16  Roach x3  
  57  4:27  Spore Crawler  
  56  4:31  Queen  
  59  4:40  Extractor  
  59  4:42  Evolution Chamber, Drone x4  
  59  4:43  Evolution Chamber, Drone  
  61  4:46  Extractor  
  61  4:49  Overlord  
  61  4:51  Drone x5  
  65  4:57  Roach x2  
  68  5:10  Spore Crawler  
  68  5:13  Spore Crawler, Drone  
  66  5:16  Overseer  
  65  5:25  Drone x4  
  69  5:28  Spore Crawler  
  69  5:30  Drone x6  
  74  5:42  Drone  
  74  5:44  Spire  
  74  5:48  Overlord  
  73  5:56  Zerg Missile Weapons Level 1, Zerg Ground Armor Level 1  
  73  5:57  Glial Reconstitution  
  72  6:04  Drone x3  
  72  6:10  Queen  
  72  6:11  Drone x3  
  79  6:30  Drone  
  79  6:31  Drone x2  
  82  6:34  Overlord x3  
  82  6:37  Hatchery  
  82  6:39  Overlord  
  81  6:47  Drone, Hydralisk Den  
  82  6:51  Overlord  
  81  6:55  Drone  
  81  6:56  Drone x7  
  81  6:58  Extractor x2  
  87  7:02  Ravager x5  
  87  7:04  Roach  
  94  7:11  Pneumatized Carapace  
  94  7:20  Roach  
  94  7:21  Roach x8  
  112  7:31  Muscular Augments  
  112  7:39  Drone x2  
  112  7:40  Overlord x2  
  113  7:56  Zerg Ground Armor Level 2, Zerg Missile Weapons Level 2  
  113  7:57  Hatchery  
  112  8:01  Hydralisk x2  
  112  8:03  Overlord x2  
  112  8:05  Zergling x8  
  120  8:18  Overseer  
  119  8:27  Overlord  
  119  8:28  Hydralisk x7  
  132  8:49  Zergling x10  
  132  8:50  Zergling x14  
  144  8:57  Zergling x6  
  147  9:04  Zergling x2  
  147  9:05  Zergling x10  
  153  9:13  Zergling x6  
  148  9:19  Zergling x2  
  148  9:20  Zergling x4  
  144  9:27  Queen  
  144  9:30  Zergling x6  
  144  9:31  Zergling x12  
  153  9:35  Zergling x2  
  153  9:36  Zergling x6  
  128  9:56  Hydralisk x10  
  131  10:12  Infestation Pit  
  127  10:15  Hydralisk  
  127  10:16  Hydralisk x9  
  144  10:27  Hydralisk x5  
  154  10:31  Drone x2  
  156  10:39  Zergling x4  
  156  10:40  Zergling x10  
  163  10:48  Zergling x2  
  163  10:49  Zergling x14  
  171  10:54  Hive  
  171  10:56  Drone x2  
  173  11:07  Zergling x2  
  170  11:22  Zergling x14  
  170  11:23  Zergling x2  
  167  11:33  Spine Crawler  
  167  11:34  Spine Crawler  
  167  11:39  Drone x7  
  174  11:40  Drone x2, Overlord x3  
  174  11:53  Zergling x2  
  174  11:54  Zergling x2  
  174  11:57  Hatchery  
  172  12:07  Adrenal Glands  
  172  12:09  Zerg Ground Armor Level 3, Zerg Missile Weapons Level 3  
  172  12:10  Ultralisk Cavern  
  172  12:13  Extractor x2  
  169  12:19  Roach x3  
  169  12:20  Roach  
  177  12:31  Roach  
  177  12:32  Roach x6  
  185  12:50  Zergling x2  
  185  12:51  Zergling x30  
  175  13:02  Ultralisk  
  179  13:06  Chitinous Plating  
  148  13:30  Zergling x36  
  166  13:48  Zergling x24  
  178  13:52  Drone  
  178  13:53  Drone x4  
  181  13:59  Overseer  
  167  14:11  Ultralisk x2  
  167  14:12  Viper x4  
  167  14:17  Spine Crawler x2  
  190  14:18  Drone  
  190  14:19  Spine Crawler  
  175  14:32  Ultralisk x2  
  162  14:57  Ultralisk  
  162  14:58  Ultralisk x3  
  171  15:06  Zergling x4  
  171  15:07  Zergling x12  
  177  15:32  Ultralisk  
  161  16:17  Ultralisk x3  
  179  16:20  Overlord  
  179  16:21  Overlord x3  
  179  16:22  Queen  
  181  16:33  Hatchery  
  180  16:43  Ultralisk x3  
  183  17:07  Zergling x18  
  183  17:08  Zergling x16  
Tags
 
Add a new tag
Caveats
  • Supply blocks, unpowered buildings, or Contaminate may cause inaccurate times.
  • Supply counts are checked every 10 seconds.